Match 47235037
Unlisted

Match 47235037
End
Construct Barracks
Engineer Squad
Riflemen Squad
Selects Advanced Infantry Battlegroup
1⁄4-ton 4x4 Truck
M1 Mortar Team
Riflemen Squad
Grenade Package
Selects Convert to Ranger Squad
Mechanized Support Center
Construct Medical Station
Construct Motor Pool
Convert to Ranger Squad
Selects Designate Assault Position
Selects Ranger Weapon Training
M1 Anti-tank Gun Team
Construct Tank Depot
Selects Ammunition Storage
Selects M2A1 105mm Howitzer Emplacement
M4A1 Sherman Medium Tank
M4A1 76mm Conversion
Designate Forward Repair Station
Improvised Armor
Selects Free Fire Drills
Rapid Repairs
nerf R.N.G
object-292
『BlackBear』
Tan_sp35
0
0

Comments sign in to comment!

No comments posted yet!